 Dungeon Crawl Stone Soup version 0.18-a0-27-g1f73fa3 (webtiles) character file.

430854 Azhtabak the Unseen (level 23, -9/152 HPs)
             Began as an Octopode Assassin on Nov 3, 2015.
             Was the Champion of Nemelex Xobeh.
             Mangled by a jiangshi (15 damage)
             ... on level 1 of the Crypt on Nov 4, 2015.
             The game lasted 12:31:11 (95145 turns).

Azhtabak the Unseen (Octopode Assassin)            Turns: 95145, Time: 12:31:11

Health: -9/152     AC:  5    Str: 13    XL:     23   Next: 91%
Magic:  36/36      EV: 42    Int: 15    God:    Nemelex Xobeh [******]
Gold:   1897       SH: 13    Dex: 34    Spells: 9 memorised, 6 levels left

rFire  + . .     SeeInvis +     a - +8 quick blade (flame)
rCold  + . .     Clarity  .     Q - +0 shield of Ashenzari's Favour {rC+}
rNeg   + + +     SustAt   .     h - +3 crown of Dyrovepreva {rElec Int+2 SInv}
rPois  +         Gourm    .     S - amulet of Cekugob {Ward -Tele rElec rPois rN++ AC+1 EV+1}
rElec  +         Spirit   .     d - ring "Darchiem" {rN+ Str+3 Dex+2 Stlth+}
rCorr  .         Warding  +     W - ring "Nyuciwed" {+Fly rPois Int-2 Dex+5}
rMut   .         NoTele   +     D - ring of protection from magic
MR     +....                    R - ring "Pumnan" {rF+ rN+}
Stlth  ++++++++++               q - +6 ring of evasion
                                y - +2 ring of evasion
                                X - ring of wizardry
                                J - +5 ring of dexterity

@: vulnerable, repel missiles, somewhat resistant to hostile enchantments,
uncannily stealthy
A: almost no armour, amphibious, 8 rings, constrict 8, camouflage 1, gelatinous
body 1
a: Triple Draw, Deal Four, Stack Five, Renounce Religion, Evoke Flight
}: 2/15 runes: decaying, gossamer


You were on level 1 of the Crypt.
You worshipped Nemelex Xobeh.
Nemelex Xobeh was exalted by your worship.
You were not hungry.

You visited 9 branches of the dungeon, and saw 46 of its levels.
You visited the Abyss 1 time.
You visited 1 bazaar.
You also visited: Bailey and Ice Cave.

You collected 6767 gold pieces.
You spent 4870 gold pieces at shops.

Inventory:

Hand Weapons
 a - a +8 quick blade of flaming (weapon)
 b - the +1 blowgun "Banijouz" {speed, +Blink rC+ Str-2 Dex+5}
   (You found it on level 3 of the Elven Halls)

   Attacks with this weapon are significantly faster.
   It affects your strength (-2).
   It affects your dexterity (+5).
   It protects you from cold.
   It lets you blink.
Missiles
 c - 43 poisoned needles
 V - 8 javelins of returning (quivered)
Armour
 h - the +3 crown of Dyrovepreva (worn) {rElec Int+2 SInv}
   (You found it on level 3 of the Elven Halls)

   It affects your intelligence (+2).
   It insulates you from electricity.
   It lets you see invisible.
 Q - the +0 shield of Ashenzari's Favour (worn) {rC+}
   (You acquired it on level 6 of the Lair of Beasts)

   It protects you from cold.
Rods
 p - a +6 rod of shadows (9/9)
   (You took it off a deep elf annihilator on level 3 of the Elven Halls)
Jewellery
 d - the ring "Darchiem" (left tentacle) {rN+ Str+3 Dex+2 Stlth+}
   (You found it on level 3 of the Crypt)

   [ring of positive energy]

   It affects your strength (+3).
   It affects your dexterity (+2).
   It protects you from negative energy.
   It makes you more stealthy.
 q - a +6 ring of evasion (on tentacle)
 y - a +2 ring of evasion (on tentacle)
 D - a ring of protection from magic (on tentacle)
 J - a +5 ring of dexterity (on tentacle)
 R - the ring "Pumnan" (on tentacle) {rF+ rN+}
   (You bought it in a shop on level 4 of the Orcish Mines)

   [ring of protection from fire]

   It protects you from fire.
   It protects you from negative energy.
 S - the amulet of Cekugob (around mantle) {Ward -Tele rElec rPois rN++ AC+1 EV+1}
   (You took it off a skeletal warrior on level 3 of the Crypt)

   [amulet of warding]

   It may prevent the melee attacks of summoned creatures.
   It affects your AC (+1).
   It affects your evasion (+1).
   It insulates you from electricity.
   It protects you from poison.
   It greatly protects you from negative energy.
   It prevents most forms of teleportation.
 W - the ring "Nyuciwed" (right tentacle) {+Fly rPois Int-2 Dex+5}
   (You bought it in a shop on level 7 of the Dungeon)

   [ring of dexterity]

   It affects your intelligence (-2).
   It affects your dexterity (+5).
   It protects you from poison.
   It lets you fly.
 X - a ring of wizardry (on tentacle)
Wands
 m - a wand of fire (5)
 F - a wand of enslavement (8)
 I - a wand of paralysis (4)
 M - a wand of slowing (1)
 N - a wand of draining (1)
 T - a wand of confusion (6)
Scrolls
 f - 20 scrolls of remove curse
 r - 4 scrolls of fear
 t - a scroll of recharging
 u - 6 scrolls of fog
 w - 2 scrolls of magic mapping
 z - 12 scrolls of teleportation
 C - a scroll of identify
Potions
 j - 6 potions of haste
 k - 4 potions of agility
 n - 3 potions of resistance
 v - 3 potions of invisibility
 E - a potion of flight
 O - a potion of brilliance
 Y - 3 potions of might
Miscellaneous
 e - a legendary deck of war {drawn: 9}
 g - a legendary deck of destruction {drawn: 2}
 i - an ornate deck of escape {the Cloud, drawn: 1}
 l - a stone of tremors
 o - a legendary deck of escape {drawn: 3}
 x - a box of beasts {used: 7}
 A - a sack of spiders {used: 2}
 B - a fan of gales
 H - a lamp of fire (inert)
 L - an ornate deck of war {drawn: 10}
Comestibles
 U - 3 meat rations
 Z - 29 fruits


   Skills:
 - Level 11.0 Fighting
 - Level 19.0 Short Blades
   Level 6.1 Bows
 - Level 10.0 Throwing
 * Level 16.8 Dodging
 - Level 20.5 Stealth
 - Level 10.0 Shields
 - Level 4.6 Spellcasting
 - Level 6.0 Hexes
 - Level 7.1 Charms
 - Level 5.0 Fire Magic
 + Level 9.8 Air Magic
 - Level 3.1 Poison Magic
 + Level 19.6 Evocations


You had 6 spell levels left.
You knew the following spells:

 Your Spells              Type           Power        Failure   Level  Hunger
a - Repel Missiles        Chrm/Air       ####..       1%          2    ##.....
b - Conjure Flame         Conj/Fire      ##......     16%         3    ###....
c - Mephitic Cloud        Conj/Pois/Air  ###.....     7%          3    ###....
d - Regeneration          Chrm/Necr      ##........   10%         3    ###....
e - Spectral Weapon       Hex/Chrm       ###.....     4%          3    ###....
f - Tukima's Dance        Hex            ###.....     4%          3    ###....
g - Swiftness             Chrm/Air       ####....     1%          2    ##.....
h - Shock                 Conj/Air       ###.         1%          1    None
i - Lightning Bolt        Conj/Air       ###.......   65%         5    ######.


Dungeon Overview and Level Annotations

Branches:
Dungeon (15/15)            Temple (1/1) D:7            Lair (8/8) D:9
  Swamp (4/4) Lair:4       Spider (4/4) Lair:6        Slime (0/6) Lair:7
    Orc (4/4) D:9             Elf (3/3) Orc:3        Vaults (4/5) D:13
  Crypt (3/3) Vaults:3       Tomb (0/3) Crypt:3      Depths (0/5) D:15

Altars:
Ashenzari
Cheibriados
Dithmenos
Elyvilon
Fedhas
Gozag
Kikubaaqudgha
Makhleb
Nemelex Xobeh
Okawaru
Qazlal
Ru
Sif Muna
Trog
Vehumet
Xom
Yredelemnul
Zin
The Shining One
Beogh

Shops:
D:5 [   D:7 %*=*   D:9 !   D:10 =!*   D:15 (   Orc:2 (   Orc:4 =[[%(   Elf:2 ?
Elf:3 *   Vaults:1 ?   Vaults:2 [

Portals:
Hell: Lair:8

Annotations:
Lair:4 exclusion: oklob plant
Spider:2 Fv001's ghost, adept GrFi
Vaults:2 exclusion: door
Crypt:2 1 exclusion, Khufu


Innate Abilities, Weirdness & Mutations

You cannot wear most types of armour.
You are amphibious.
You can wear up to eight rings at the same time.
You can use your tentacles to constrict eight enemies at once.
Your skin changes colour to match your surroundings (Stealth).
Your rubbery body absorbs attacks (AC +1).


Message History

* * * LOW HITPOINT WARNING * * *
You hit the curse skull.
The curse skull is almost destroyed.
You constrict the curse skull, but do no damage.
You hit the curse skull but do no damage.
The curse skull is almost destroyed.
You constrict the curse skull, but do no damage.
The jiangshi completely misses you. You block the jiangshi's attack.
The curse skull rattles its jaw.
Evoke which item? (* to show all) (? for menu, Esc to quit)
You draw a card...
It is Venom.
You have drawn Venom.
Press: ? - help, Shift-Dir - straight line, f - jiangshi
Aim: a jiangshi The poison arrow hits the jiangshi.
The jiangshi partially resists.
The jiangshi is moderately damaged.
You constrict the curse skull, but do no damage.
The jiangshi claws you!
You die...
Your body glows with a rainbow of weird colours and disappears.

###...........###...#
####.....>.....##......#
.#.............#.......#
......#.....#.....###.##
...##.#.....#..#.####.#
.#.##...............#.#
..........#.......#.#.#
##...........##..[#...#####
...............V@###..#...#
##)###.#.......nzW#.......#
#..........#..Z#..........#
.[...[.....######.......###
)..##......# #.......#
...######### ##......#####
#### #..........# ##
####.......# .## #####
##.........#


You could see a jiangshi, a curse skull, a freezing wraith, a necrophage and a
shadow dragon simulacrum.

Vanquished Creatures
  Mara (Swamp:3)
  2 greater mummies
  Jory (Vaults:4)
  Xtahua (Vaults:4)
  A bone dragon (Swamp:4)
  A lich (Crypt:3)
  Asterion (Elf:2)
  2 deep elf blademasters
  2 deep elf master archers (Elf:3)
  4 ancient champions
  10 sphinxes
  Gastronok (Lair:1)
  2 thorn hunters
  A shadow dragon (Vaults:4)
  A storm dragon (Vaults:4)
  A tengu reaver (Vaults:2)
  4 revenants
  Wiglaf (Spider:4)
  2 fire giants
  A frost giant (Vaults:4)
  Maud (D:14)
  4 ghost moths (Spider:4)
  6 emperor scorpions
  Aizul (Swamp:3)
  Louise (Spider:2)
  3 deep elf sorcerers (Elf:3)
  A curse skull (Crypt:3)
  8 vault wardens
  The ghost of Banto the Unseen, a journeyman HaAr of Gozag (IceCv)
  A war gargoyle (Crypt:3)
  A ghoul (Crypt:2)
  14 ironheart preservers
  A vampire knight (Crypt:1)
  2 stone giants
  A very ugly thing (Vaults:2)
  8 deep elf annihilators
  9 deep elf demonologists (Elf:3)
  A salamander stormcaller (D:14)
  A dire elephant (Lair:8)
  9 ettins
  7 deep elf death magi
  Snorg (Lair:5)
  2 eidola
  Erolcha (D:11)
  A quicksilver dragon zombie (Crypt:3)
  A mummy priest (Crypt:2)
  4 vault guards
  A crystal guardian (Vaults:3)
  7 fire dragons
  21 jiangshi
  2 deep elf high priests (Elf:3)
  2 blizzard demons (IceCv)
  3 great orbs of eyes
  6 entropy weavers
  8 yaktaur captains
  15 hydras
  A rakshasa (D:14)
  10 centaur warriors
  2 ghost crabs (Swamp:4)
  A satyr (Swamp:3)
  A death yak (Lair:8)
  11 dancing weapons
  10 ogre magi
  6 alligators
  3 deep troll shamans
  A titan zombie (Vaults:2)
  8 vampire magi
  A fire crab (Vaults:1)
  Nergalle (D:12)
  12 spriggans
  39 skeletal warriors
  3 ice devils (IceCv)
  2 shadow wraiths
  An anaconda zombie (Crypt:3)
  A soul eater (Crypt:2)
  11 deep trolls
  18 deep elf knights
  6 harpies
  An iron troll (D:13)
  3 spriggan druids
  12 hill giants
  8 deep elf summoners
  4 lindwurms (Lair:2)
  4 unseen horrors
  6 shambling mangroves
  7 ironbrand convokers
  6 swamp dragons
  A flayed ghost (Vaults:4)
  A spectral hydra (Swamp:4)
  A tengu zombie (Vaults:2)
  2 necromancers
  5 phantasmal warriors
  An anaconda skeleton (Crypt:3)
  An orb spider (shapeshifter) (Vaults:4)
  34 wolf spiders
  10 orc knights
  19 orb spiders
  A lindwurm (shapeshifter) (D:14)
  17 deep elf conjurers
  An iron dragon zombie (Crypt:3)
  An oklob plant (Swamp:4)
  2 moths of wrath
  2 tengu skeletons (Vaults:3)
  A fire giant zombie (Crypt:3)
  The ghost of Azhtabak the Cutter, a novice OpAs (D:8)
  An orc sorcerer (Orc:3)
  8 griffons
  A frost giant zombie (Vaults:2)
  3 manticores
  A sphinx skeleton (Vaults:3)
  32 ugly things
  10 cyclopes
  A frost giant skeleton (Vaults:3)
  9 black mambas
  An elephant (shapeshifter) (Elf:1)
  10 hornets
  3 wizards
  11 elephants
  A sixfirhy (Lair:8)
  A stone giant skeleton (Vaults:2)
  4 fire giant skeletons
  14 vault sentinels
  An eye of devastation (Vaults:4)
  A smoke demon (Lair:8)
  2 torpor snails (Spider:4)
  3 ice statues (IceCv)
  5 kobold demonologists
  5 orange demons (Lair:8)
  7 gargoyles
  23 spiny frogs
  2 fire drakes
  3 swamp worm zombies (Swamp:4)
  46 yaktaurs
  A golden dragon simulacrum (IceCv)
  4 hydra zombies (Swamp:4)
  6 trolls
  A black draconian skeleton (Crypt:2)
  An efreet (D:14)
  A catoblepas skeleton (Crypt:3)
  9 komodo dragons
  2 tengu conjurers (D:13)
  10 demonic crawlers
  2 red devils (Lair:8)
  6 freezing wraiths
  5 giant leeches
  3 guardian mummies
  25 blink frogs
  12 blue devils
  An anaconda simulacrum (IceCv)
  A jumping spider (shapeshifter) (Vaults:1)
  20 bog bodies
  An ushabti (Crypt:3)
  12 deep elf priests
  3 polar bears
  A moth of wrath zombie (Crypt:2)
  A hydra skeleton (Crypt:1)
  A raiju (Lair:6)
  13 two-headed ogres
  A fire giant simulacrum (Vaults:3)
  3 shadows
  3 spectral swamp dragons (Swamp:4)
  4 boulder beetles
  An ettin zombie (Vaults:4)
  26 jumping spiders
  17 trapdoor spiders
  37 slime creatures
  An ettin skeleton (Crypt:3)
  3 vampires
  An alligator zombie (Swamp:4)
  A tarantella (shapeshifter) (Vaults:3)
  43 yaks
  16 deep elf magi
  7 fire dragon skeletons (Crypt:3)
  5 flying skulls (Crypt:1)
  7 basilisks
  36 redbacks
  4 wraiths
  4 fire bats (D:10)
  12 hippogriffs
  A swamp worm (shapeshifter) (D:14)
  Grum (Lair:1)
  An iron troll simulacrum (IceCv)
  5 hungry ghosts
  38 tarantellas
  38 vampire mosquitoes
  4 wyverns
  A yak (shapeshifter) (D:14)
  A water moccasin (shapeshifter) (Vaults:3)
  2 harpy simulacra (IceCv)
  A naga (D:14)
  34 deep elf fighters
  11 insubstantial wisps
  23 swamp worms
  12 wargs
  18 wolves
  A soldier ant (D:15)
  17 water moccasins
  A hell hound (D:10)
  2 mottled dragons
  10 porcupines
  3 hydra simulacra (IceCv)
  36 spiders
  28 wasps
  53 orc warriors
  9 swamp drakes
  9 phantoms
  A snapping turtle zombie (Crypt:3)
  3 swamp dragon zombies (Swamp:4)
  A black bear (Lair:1)
  2 spiny frog skeletons
  40 ogres
  6 sky beasts
  A lindwurm zombie (Crypt:1)
  An elf skeleton (Vaults:3)
  6 human skeletons
  A crocodile (shapeshifter) (Vaults:1)
  3 ettin simulacra
  3 ice beasts
  5 boggarts
  23 crocodiles
  4 big kobolds
  28 centaurs
  An elf zombie (D:14)
  4 wyvern zombies
  26 giant frogs
  5 scorpions
  A water moccasin skeleton (Crypt:2)
  9 wights
  26 killer bees
  2 electric eels
  A yak skeleton (Crypt:1)
  12 hounds
  8 crimson imps
  A human simulacrum (Vaults:4)
  A giant frog zombie (D:9)
  7 iguanas
  29 orc wizards
  2 lava snakes (D:10)
  2 centaur skeletons
  26 orc priests
  6 human zombies
  6 jellies
  A porcupine zombie (Crypt:1)
  2 giant frog skeletons
  3 quasits
  Terence (D:2)
  A black bear skeleton (Crypt:1)
  Natasha (thrice) (D:4)
  13 worker ants
  3 spectral swamp drakes (Swamp:4)
  16 sheep
  A demigod skeleton (Crypt:1)
  An ogre skeleton (Crypt:3)
  A felid skeleton (Crypt:1)
  11 mummies
  A worker ant zombie (D:5)
  Robin (D:4)
  3 gnolls (D:14)
  70 river rats
  A swamp drake zombie (Swamp:4)
  A white imp (D:9)
  7 shadow imps
  22 adders
  2 oozes
  5 adder skeletons
  2 adder zombies
  11 worms
  6 giant geckos
  234 orcs
  9 bats
  5 giant cockroaches
  10 hobgoblins
  26 jackals
  19 kobolds
  8 quokkas
  7 ball pythons
  A giant gecko zombie (D:7)
  5 giant newts
  A giant newt zombie (Crypt:1)
  18 goblins
  A goblin skeleton (D:9)
  2 goblin zombies (D:9)
  6 hobgoblin zombies (D:9)
  A kobold zombie (D:9)
  5 orc skeletons
  2 orc zombies (D:9)
  2 quokka skeletons
  9 rats
  A butterfly (Lair:4)
  3 fire vortices (D:10)
  A fungus (D:1)
  5 plants
2313 creatures vanquished.

Vanquished Creatures (collateral kills)
  A bone dragon (Crypt:3)
  Jorgrun (Spider:2)
  A deep elf blademaster (Elf:3)
  A fire giant (Vaults:2)
  Donald (Swamp:4)
  An orc warlord (Orc:2)
  A vault warden (Vaults:3)
  A stone giant (Vaults:4)
  3 ironheart preservers
  2 deep elf annihilators (Elf:3)
  A deep elf death mage (Elf:3)
  A queen ant (Lair:8)
  3 death yaks (Lair:8)
  2 skeletal warriors (Vaults:1)
  A spriggan (Swamp:1)
  A shadow wraith (D:14)
  A titan skeleton (Vaults:4)
  An ironbrand convoker (Vaults:1)
  2 deep elf summoners
  2 orc knights (Orc:4)
  An orc sorcerer (Orc:2)
  A cyclops (Vaults:1)
  A vault sentinel (Vaults:1)
  2 fire giant skeletons
  7 elephants
  2 torpor snails (Spider:2)
  7 yaktaurs
  A demonic crawler (Spider:2)
  A swamp worm zombie (Swamp:4)
  A hellwing (Lair:8)
  A jumping spider (Spider:2)
  A human skeleton (Vaults:2)
  A freezing wraith (Vaults:1)
  A bog body (Swamp:2)
  A two-headed ogre (Vaults:1)
  2 boulder beetles
  2 giant leeches
  A troll (Orc:2)
  A deep elf mage (Elf:2)
  4 slime creatures
  A trapdoor spider (D:11)
  3 redbacks
  2 blink frogs (Lair:5)
  4 yaks
  A tarantella (Spider:2)
  A hippogriff (Lair:6)
  A hungry ghost (Crypt:3)
  An insubstantial wisp (Swamp:4)
  2 wargs
  13 orc warriors
  A wolf (Lair:8)
  A wasp (Swamp:1)
  2 swamp drakes
  A spider (Spider:2)
  A phantom (Swamp:4)
  6 ogres
  6 centaurs
  2 crocodiles (Lair:8)
  A giant frog (Lair:6)
  A raiju skeleton (Crypt:2)
  A jelly (D:11)
  2 orc priests (Orc:1)
  An orc wizard (Orc:1)
  21 orcs
  2 fungi (Lair:8)
145 creatures vanquished.

Vanquished Creatures (others)
  A fire giant (Vaults:4)
  An ogre mage (Vaults:2)
  2 ironbrand convokers
  A deep elf conjurer (Vaults:4)
  A spiny frog (Lair:7)
  A troll (Orc:2)
  A spriggan (Swamp:4)
  A dancing weapon (Elf:2)
  A vampire mosquito (Vaults:2)
  4 deep elf fighters
  A swamp drake (Swamp:4)
  A wasp (Swamp:4)
  2 spiders (Spider:2)
  A worker ant (D:10)
  A giant eyeball (Lair:7)
  29 fungi
  3 lost souls
  33 plants
  5 spectral weapons
90 creatures vanquished.

Grand Total: 2548 creatures vanquished

Notes
Turn   | Place    | Note
--------------------------------------------------------------
     0 | D:1      | Azhtabak the Octopode Assassin began the quest for the Orb.
     0 | D:1      | Reached XP level 1. HP: 14/14 MP: 1/1
   181 | D:1      | Reached XP level 2. HP: 19/19 MP: 2/2
  1261 | D:2      | Noticed Terence
  1269 | D:2      | Reached XP level 3. HP: 21/24 MP: 3/3
  1283 | D:1      | Reached skill level 6 in Stealth
  1836 | D:2      | Reached XP level 4. HP: 29/29 MP: 4/4
  2000 | D:2      | Killed Terence
  2724 | D:3      | Reached skill level 7 in Stealth
  2724 | D:3      | Reached XP level 5. HP: 23/34 MP: 5/5
  3090 | D:3      | Found a burning altar of Makhleb.
  3225 | D:3      | Reached XP level 6. HP: 20/39 MP: 6/6
  3243 | D:3      | Reached skill level 8 in Stealth
  4289 | D:4      | Reached skill level 5 in Short Blades
  4625 | D:4      | Noticed Robin
  4637 | D:4      | Killed Robin
  4810 | D:4      | Reached XP level 7. HP: 45/45 MP: 7/7
  5180 | D:4      | Noticed Natasha
  5189 | D:4      | Killed Natasha
  5214 | D:4      | Noticed Natasha
  5223 | D:4      | Killed Natasha
  5246 | D:4      | Noticed Natasha
  5256 | D:4      | Killed Natasha
  5420 | D:5      | Entered Level 5 of the Dungeon
  5924 | D:5      | Reached XP level 8. HP: 50/54 MP: 8/8
  5990 | D:5      | Found Qemupp's Antique Armour Shoppe.
  6378 | D:5      | Found an ancient bone altar of Kikubaaqudgha.
  6823 | D:6      | Found a shadowy altar of Dithmenos.
  6824 | D:6      | Found a burning altar of Makhleb.
  6827 | D:6      | Found a glowing silver altar of Zin.
  6828 | D:6      | Found a blossoming altar of Fedhas.
  7154 | D:6      | Reached skill level 5 in Fighting
  7420 | D:7      | Reached XP level 9. HP: 57/61 MP: 9/9
  7456 | D:7      | Found a staircase to the Ecumenical Temple.
  7471 | Temple   | Entered the Ecumenical Temple
  7475 | Temple   | Became a worshipper of Nemelex Xobeh the Trickster
  7503 | D:7      | Found Deymut's Food Boutique.
  7518 | D:7      | Found Ywookiom's General Store.
  7529 | D:7      | Found Atinah's Jewellery Emporium.
  7532 | D:7      | Reached skill level 1 in Evocations
  7597 | D:7      | Received a gift from Nemelex Xobeh
  7650 | D:7      | Found Rudiar's Assorted Antiques.
  8042 | D:8      | Reached skill level 5 in Dodging
  8055 | D:8      | Noticed Azhtabak's ghost (novice OpAs)
  8720 | D:8      | Killed Azhtabak's ghost
  8822 | D:8      | Reached skill level 5 in Evocations
  9327 | D:9      | Found Wefiete's Distillery.
  9459 | D:9      | Reached skill level 9 in Short Blades
  9628 | D:9      | Reached XP level 10. HP: 63/66 MP: 14/14
  9746 | D:9      | Reached * piety under Nemelex Xobeh
  9779 | D:9      | Learned a level 2 spell: Repel Missiles
  9832 | D:9      | Reached skill level 1 in Charms
 10448 | D:9      | Received a gift from Nemelex Xobeh
 10509 | D:9      | Found a staircase to the Orcish Mines.
 10778 | D:9      | Found a glowing golden altar of the Shining One.
 11203 | D:9      | Found a staircase to the Lair.
 11509 | D:9      | Found a shimmering altar of Xom.
 11733 | D:9      | Learned a level 3 spell: Conjure Flame
 11787 | Orc:1    | Entered Level 1 of the Orcish Mines
 12069 | Orc:1    | Reached skill level 1 in Fire Magic
 12286 | Orc:1    | Found a roughly hewn altar of Beogh.
 12312 | Orc:1    | Reached ** piety under Nemelex Xobeh
 13398 | Orc:2    | Noticed an orc warlord
 13464 | D:7      | Bought the ring "Nyuciwed" {+Fly rPois Int-2 Dex+5} for 653 gold pieces
 13512 | Lair:1   | Entered Level 1 of the Lair of Beasts
 13550 | Lair:1   | Noticed Gastronok
 13552 | Lair:1   | Reached XP level 11. HP: 72/72 MP: 17/17
 13626 | Lair:1   | Killed Gastronok
 14007 | Lair:1   | Noticed Grum
 14013 | Lair:1   | Killed Grum
 14302 | Lair:1   | Reached skill level 10 in Evocations
 14757 | Lair:1   | Received a gift from Nemelex Xobeh
 15154 | Lair:2   | Noticed a lindwurm
 15228 | Lair:2   | Killed a lindwurm
 15266 | Lair:2   | Noticed a lindwurm
 15290 | Lair:2   | Noticed a lindwurm
 15293 | Lair:2   | Killed a lindwurm
 15293 | Lair:2   | Reached skill level 5 in Fire Magic
 15299 | Lair:2   | Noticed a lindwurm
 15329 | Lair:2   | Killed a lindwurm
 15329 | Lair:2   | Reached skill level 10 in Stealth
 15335 | Lair:2   | Killed a lindwurm
 15335 | Lair:2   | Reached skill level 1 in Spellcasting
 15335 | Lair:2   | Reached skill level 11 in Evocations
 15507 | Lair:2   | Reached *** piety under Nemelex Xobeh
 15516 | Lair:2   | Received a gift from Nemelex Xobeh
 15564 | Lair:2   | Reached XP level 12. HP: 77/77 MP: 20/20
 15879 | Lair:2   | Noticed a fire dragon
 16330 | Lair:3   | Reached skill level 1 in Bows
 16475 | Lair:3   | Noticed a five-headed hydra
 16482 | Lair:3   | Killed a five-headed hydra
 16657 | Lair:3   | Received a gift from Nemelex Xobeh
 16837 | Lair:3   | Reached **** piety under Nemelex Xobeh
 17435 | Lair:3   | Reached skill level 12 in Evocations
 17582 | Lair:3   | Received a gift from Nemelex Xobeh
 17879 | Lair:3   | Reached skill level 1 in Air Magic
 18362 | Lair:4   | Received a gift from Nemelex Xobeh
 18395 | Lair:4   | You fall through a shaft for 3 floors!
 18668 | Lair:6   | Reached ***** piety under Nemelex Xobeh
 18899 | Lair:5   | Noticed a four-headed hydra
 18904 | Lair:5   | Killed a four-headed hydra
 18990 | Lair:5   | Identified the Reference Book on Execration
 19228 | Lair:1   | Learned a level 3 spell: Mephitic Cloud
 19521 | Lair:4   | Reached skill level 13 in Evocations
 19614 | Lair:4   | Reached skill level 1 in Poison Magic
 19719 | Lair:4   | Reached XP level 13. HP: 81/81 MP: 22/22
 19722 | Lair:4   | Reached skill level 5 in Bows
 19972 | Lair:4   | Received a gift from Nemelex Xobeh
 20747 | Lair:4   | Reached skill level 10 in Short Blades
 21002 | Lair:4   | Received a gift from Nemelex Xobeh
 21374 | Lair:4   | Found a staircase to the Swamp.
 21459 | Lair:4   | Received a gift from Nemelex Xobeh
 22455 | Lair:5   | Noticed Snorg
 22535 | Lair:5   | Killed Snorg
 23422 | Lair:6   | Received a gift from Nemelex Xobeh
 23477 | Lair:6   | Identified 3 scrolls of acquirement
 23478 | Lair:6   | Got a blackened shield
 23482 | Lair:6   | Got a glittering amber ring
 23488 | Lair:6   | Identified the +0 shield of Ashenzari's Favour {rC+} (You acquired it on level 6 of the Lair of Beasts)
 23494 | Lair:6   | Identified the ring of Music {rC+ MR- Str+3 SInv} (You acquired it on level 6 of the Lair of Beasts)
 24000 | Lair:6   | Reached skill level 1 in Shields
 24621 | Lair:6   | Found a hole to the Spider Nest.
 24709 | Lair:6   | Received a gift from Nemelex Xobeh
 25020 | Lair:7   | Reached XP level 14. HP: 82/92 MP: 21/24
 25345 | Lair:7   | Reached ****** piety under Nemelex Xobeh
 25812 | Lair:7   | Received a gift from Nemelex Xobeh
 25864 | Lair:7   | Found a staircase to the Slime Pits.
 26505 | Lair:8   | Entered Level 8 of the Lair of Beasts
 26542 | Lair:8   | Learned a level 3 spell: Regeneration
 26546 | Lair:8   | Learned a level 3 spell: Spectral Weapon
 26709 | Lair:8   | Received a gift from Nemelex Xobeh
 27600 | Lair:8   | Cast into the Abyss (a wizard)
 27634 | Lair:8   | Escaped the Abyss
 27951 | Orc:2    | Found Mocluut's Weapon Shop.
 27973 | Orc:2    | Received a gift from Nemelex Xobeh
 28385 | Orc:3    | Paralysed by an orc sorcerer for 5 turns
 28504 | D:10     | Entered Level 10 of the Dungeon
 28614 | D:10     | Found Zuaz's Jewellery Shoppe.
 29081 | D:10     | Bought an uncursed amulet of stasis for 227 gold pieces
 29173 | Orc:2    | Killed an orc warlord
 29882 | Orc:3    | Found a staircase to the Elven Halls.
 30010 | Orc:3    | Received a gift from Nemelex Xobeh
 30434 | Orc:4    | Entered Level 4 of the Orcish Mines
 30462 | Orc:4    | Received a gift from Nemelex Xobeh
 30791 | Orc:4    | Found Coropteudgh's Jewellery Shoppe.
 31150 | Orc:4    | Received a gift from Nemelex Xobeh
 31163 | Orc:4    | Found Ahouv's Weapon Shoppe.
 31444 | Orc:4    | Found Aniopuz's Food Shop.
 32725 | Orc:4    | Found a roughly hewn altar of Beogh.
 32749 | Orc:4    | Found Vupateck's Antique Armour Shoppe.
 32749 | Orc:4    | Found Qydus's Antique Armour Shop.
 33182 | Orc:3    | Reached skill level 14 in Evocations
 33356 | D:7      | Bought a +6 ring of evasion for 1014 gold pieces
 33715 | D:10     | Reached XP level 15. HP: 101/101 MP: 25/25
 33918 | D:10     | Found Solaahuh's General Store.
 33918 | D:10     | Received a gift from Nemelex Xobeh
 33926 | D:10     | Bought a scroll of enchant weapon for 112 gold pieces
 34034 | D:10     | Found Kuqypt's Distillery.
 34624 | Lair:1   | Learned a level 3 spell: Tukima's Dance
 34887 | D:11     | Received a gift from Nemelex Xobeh
 35057 | D:11     | Noticed Erolcha
 35057 | D:11     | Paralysed by Erolcha for 7 turns
 35065 | D:11     | Killed Erolcha
 35805 | D:12     | Reached skill level 10 in Dodging
 35819 | D:12     | Noticed Nergalle
 35825 | D:12     | Killed Nergalle
 36085 | D:12     | Received a gift from Nemelex Xobeh
 36179 | D:12     | Found a shadowy altar of Dithmenos.
 38182 | D:14     | Received a gift from Nemelex Xobeh
 38226 | D:14     | Found a flickering gateway to a bazaar.
 38233 | Bazaar   | Entered a bazaar
 38239 | Bazaar   | Found Louppo Docru's Magic Scroll Shoppe.
 38239 | Bazaar   | Found Suckepi's Gadget Shoppe.
 38272 | Bazaar   | Found Sixesk's Assorted Antiques.
 38272 | Bazaar   | Found Effourrey's Gadget Emporium.
 38310 | Bazaar   | Bought a scroll of brand weapon for 280 gold pieces
 38310 | Bazaar   | Bought a scroll of blinking for 105 gold pieces
 38310 | Bazaar   | Bought a scroll of recharging for 133 gold pieces
 38310 | Bazaar   | Bought a scroll of recharging for 133 gold pieces
 38310 | Bazaar   | Bought a scroll of fear for 49 gold pieces
 38310 | Bazaar   | Bought a scroll of fear for 49 gold pieces
 38351 | D:14     | Found a flagged portal.
 38363 | Bailey   | Entered a bailey
 38569 | Bailey   | Received a gift from Nemelex Xobeh
 38589 | Bailey   | Reached skill level 5 in Shields
 39501 | D:13     | Found a gate to the Vaults.
 39746 | D:14     | Drew Focus: Dex increased to 20, Str decreased to 9
 39895 | D:14     | Noticed Maud
 39933 | D:14     | Killed Maud
 40072 | D:14     | Received a gift from Nemelex Xobeh
 40730 | D:14     | Reached XP level 16. HP: 52/108 MP: 13/26
 41490 | D:14     | Found a roughly hewn altar of Beogh.
 41639 | D:14     | Found a basalt altar of Yredelemnul.
 41857 | D:14     | Reached skill level 15 in Stealth
 42177 | D:15     | Entered Level 15 of the Dungeon
 42660 | D:15     | Found Raxacsar's Weapon Shoppe.
 42765 | D:15     | Found a staircase to the Depths.
 42861 | D:14     | You fall through a shaft!
 43049 | D:7      | Bought a scroll of identify for 36 gold pieces
 43049 | D:7      | Bought a scroll of magic mapping for 63 gold pieces
 43235 | Swamp:1  | Entered Level 1 of the Swamp
 43360 | Spider:1 | Entered Level 1 of the Spider Nest
 43394 | Spider:1 | Reached skill level 16 in Stealth
 43576 | Spider:1 | Received a gift from Nemelex Xobeh
 44989 | Spider:2 | Noticed Louise
 45186 | Swamp:1  | Received a gift from Nemelex Xobeh
 45289 | Swamp:1  | Noticed a thorn hunter
 45296 | Swamp:1  | Killed a thorn hunter
 45517 | Swamp:1  | Reached skill level 15 in Evocations
 46165 | Swamp:1  | Received a gift from Nemelex Xobeh
 46726 | Swamp:2  | Learned a level 2 spell: Swiftness
 47290 | Swamp:2  | Reached XP level 17. HP: 87/113 MP: 23/28
 47830 | Swamp:2  | Received a gift from Nemelex Xobeh
 48467 | Swamp:2  | Received a gift from Nemelex Xobeh
 49169 | Swamp:3  | Reached skill level 10 in Fighting
 49925 | Swamp:3  | Noticed Mara
 49926 | Swamp:3  | Killed Mara
 49937 | Swamp:3  | Noticed Aizul
 49941 | Swamp:3  | Killed Aizul
 50214 | Swamp:4  | Entered Level 4 of the Swamp
 50214 | Swamp:4  | Received a gift from Nemelex Xobeh
 50487 | Swamp:4  | Noticed Donald
 50556 | Swamp:4  | Killed Donald
 51796 | Swamp:4  | Reached skill level 17 in Evocations
 51838 | Swamp:4  | Reached skill level 10 in Shields
 52305 | Swamp:4  | Reached skill level 1 in Hexes
 52416 | Swamp:4  | Noticed a bone dragon
 52460 | Swamp:4  | Killed a bone dragon
 52460 | Swamp:4  | Reached XP level 18. HP: 100/124 MP: 24/30
 53195 | Swamp:4  | Got a decaying rune of Zot
 53240 | Swamp:4  | Upgraded the game from 0.18-a0-23-g19353e1 to 0.18-a0-27-g1f73fa3
 53468 | D:10     | Bought an uncursed ring of protection from magic for 325 gold pieces
 53610 | Orc:4    | Bought an uncursed ring of protection from magic for 275 gold pieces
 54091 | Lair:8   | Found a burning altar of Makhleb.
 54325 | Lair:8   | Found a gateway to Hell.
 54749 | Spider:2 | Received a gift from Nemelex Xobeh
 54750 | Spider:2 | Killed Louise
 55193 | Spider:2 | Noticed Fv001's ghost (adept GrFi)
 56771 | Spider:2 | Noticed Jorgrun
 57494 | Spider:2 | Killed Jorgrun
 58291 | Spider:3 | Received a gift from Nemelex Xobeh
 59394 | Spider:4 | Entered Level 4 of the Spider Nest
 59394 | Spider:4 | Noticed Wiglaf
 59396 | Spider:4 | Received a gift from Nemelex Xobeh
 59398 | Spider:4 | Killed Wiglaf
 59398 | Spider:4 | Reached skill level 18 in Evocations
 59603 | Spider:4 | Found a frozen archway.
 59616 | IceCv    | Entered an ice cave
 59616 | IceCv    | Noticed Banto's ghost (journeyman HaAr)
 59664 | IceCv    | Killed Banto's ghost
 60326 | IceCv    | Reached skill level 5 in Air Magic
 61529 | Spider:4 | Reached XP level 19. HP: 113/128 MP: 28/32
 62890 | Spider:4 | Reached skill level 19 in Evocations
 62966 | Spider:4 | Got a gossamer rune of Zot
 63341 | Elf:1    | Entered Level 1 of the Elven Halls
 63345 | Elf:1    | Received a gift from Nemelex Xobeh
 63474 | Elf:1    | Received a gift from Nemelex Xobeh
 63648 | Elf:1    | Identified the Volume of Torrid Battle Magic
 64629 | Elf:1    | Received a gift from Nemelex Xobeh
 65286 | Elf:2    | Found a runed gate.
 65568 | Elf:2    | Received a gift from Nemelex Xobeh
 65580 | Elf:2    | Found Moubb's Magic Scroll Shoppe.
 65589 | Elf:2    | Bought a scroll of recharging for 152 gold pieces
 65619 | Elf:2    | Found a runed gate.
 65622 | Elf:2    | Found a runed gate.
 65942 | Vaults:1 | Entered Level 1 of the Vaults
 66203 | Orc:4    | Bought the ring "Pumnan" {rF+ rN+} for 398 gold pieces
 66974 | Vaults:1 | Reached skill level 5 in Throwing
 68325 | Vaults:1 | Reached XP level 20. HP: 104/135 MP: 28/33
 69539 | Vaults:1 | Reached skill level 5 in Hexes
 69911 | Vaults:1 | Found Mogie's Magic Scroll Boutique.
 69946 | Vaults:1 | Received a gift from Nemelex Xobeh
 70267 | Vaults:1 | Bought a scroll of identify for 30 gold pieces
 71107 | Elf:2    | Noticed Asterion
 71604 | Elf:2    | Killed Asterion
 73628 | Vaults:2 | Received a gift from Nemelex Xobeh
 73802 | Vaults:2 | Reached skill level 5 in Charms
 74059 | Vaults:2 | Received a gift from Nemelex Xobeh
 74303 | Vaults:2 | Found Bixtotep's Armour Boutique.
 75465 | Vaults:2 | Reached skill level 15 in Short Blades
 75465 | Vaults:2 | Reached XP level 21. HP: 140/140 MP: 34/34
 75990 | Vaults:2 | Paralysed by a great orb of eyes for 6 turns
 76976 | Vaults:3 | Found a staircase to the Crypt.
 77268 | Vaults:3 | Received a gift from Nemelex Xobeh
 78263 | Vaults:3 | Reached skill level 10 in Throwing
 79183 | Vaults:4 | Received a gift from Nemelex Xobeh
 79941 | Vaults:4 | Noticed Xtahua
 79985 | Vaults:4 | Killed Xtahua
 80482 | Vaults:4 | Reached XP level 22. HP: 60/146 MP: 15/35
 80742 | Vaults:4 | Noticed Jory
 81092 | Vaults:4 | Killed Jory
 82547 | Vaults:4 | Received a gift from Nemelex Xobeh
 83369 | Orc:4    | Bought a bread ration for 50 gold pieces
 83369 | Orc:4    | Bought a meat ration for 50 gold pieces
 83369 | Orc:4    | Bought a bread ration for 50 gold pieces
 83369 | Orc:4    | Bought a beef jerky for 15 gold pieces
 83369 | Orc:4    | Bought a bread ration for 50 gold pieces
 83369 | Orc:4    | Bought a bread ration for 50 gold pieces
 83369 | Orc:4    | Bought a bread ration for 50 gold pieces
 83369 | Orc:4    | Bought a royal jelly for 20 gold pieces
 83369 | Orc:4    | Bought a meat ration for 50 gold pieces
 83369 | Orc:4    | Bought a bread ration for 50 gold pieces
 83500 | D:7      | Bought a scroll of enchant weapon for 97 gold pieces
 83634 | Elf:2    | Bought a scroll of enchant weapon for 120 gold pieces
 83634 | Elf:2    | Bought a scroll of blinking for 120 gold pieces
 83954 | Swamp:2  | Learned a level 1 spell: Shock
 83960 | Swamp:2  | Learned a level 5 spell: Lightning Bolt
 84334 | Elf:3    | Entered Level 3 of the Elven Halls
 84346 | Elf:3    | Reached skill level 20 in Stealth
 84384 | Elf:3    | Found Fnuhum's Fabulous Fripperies.
 84420 | Elf:3    | Received a gift from Nemelex Xobeh
 84737 | Elf:3    | Received a gift from Nemelex Xobeh
 84764 | Elf:3    | Got a faintly glowing morningstar
 84765 | Elf:3    | Identified the +8 morningstar "Pehos" {venom, MP-9 Str+6 Int+2} (You found it on level 3 of the Elven Halls)
 84825 | Elf:3    | Reached skill level 15 in Dodging
 85191 | Elf:3    | Got a faintly glowing morningstar {venom}
 85194 | Elf:3    | Identified the +10 morningstar "Spiderslayer" {venom, rElec SInv Stlth+} (You took it off a deep elf demonologist on level 3 of the Elven Halls)
 85371 | Elf:3    | Got an encrusted short sword {pierce}
 85375 | Elf:3    | Identified the +8 short sword of Corporal Punishment {pierce, +Fly rElec rN+} (You took it off a deep elf demonologist on level 3 of the Elven Halls)
 85446 | Elf:3    | Got a shimmering blowgun
 85447 | Elf:3    | Identified the +1 blowgun "Banijouz" {speed, +Blink rC+ Str-2 Dex+5} (You found it on level 3 of the Elven Halls)
 85847 | Elf:3    | Identified a +6 rod of shadows (9/9) (You took it off a deep elf annihilator on level 3 of the Elven Halls)
 86063 | Elf:2    | Bought a scroll of identify for 32 gold pieces
 86063 | Elf:2    | Bought a scroll of identify for 32 gold pieces
 86712 | Crypt:1  | Entered Level 1 of the Crypt
 87092 | Crypt:1  | Received a gift from Nemelex Xobeh
 88406 | Crypt:1  | Reached XP level 23. HP: 146/152 MP: 33/36
 88423 | Crypt:1  | Got a dazzling hat
 88462 | Crypt:1  | Identified the +0 hat "Cumen" {rElec MR+ rCorr Int+3} (You found it on level 1 of the Crypt)
 89878 | Crypt:2  | Noticed a greater mummy
 89914 | Crypt:2  | Noticed a greater mummy
 91288 | Crypt:2  | Killed a greater mummy
 91304 | Crypt:2  | Noticed a greater mummy
 91307 | Crypt:2  | Noticed Khufu
 91378 | Crypt:2  | Received a gift from Nemelex Xobeh
 91673 | Crypt:3  | Entered Level 3 of the Crypt
 92759 | Crypt:3  | Killed a greater mummy
 93211 | Crypt:3  | Identified the Grimoire of Stolen Souls
 93269 | Crypt:3  | Received a gift from Nemelex Xobeh
 93477 | Crypt:3  | Found a staircase to the Tomb.
 93670 | Crypt:3  | Got a crude amber ring
 93678 | Crypt:3  | Identified the ring of Ciquajura {rN+ Stlth+} (You found it on level 3 of the Crypt)
 93682 | Crypt:3  | Got a transparent granite ring
 93683 | Crypt:3  | Identified the ring "Darchiem" {rN+ Str+3 Dex+2 Stlth+} (You found it on level 3 of the Crypt)
 93803 | Crypt:3  | Got a steaming hand axe
 93804 | Crypt:3  | Identified the +3 hand axe of the Twelve Demons {drain, rElec rN+ Str-3} (You found it on level 3 of the Crypt)
 94144 | Crypt:2  | HP: 3/152 [revenant] (8)]
 95142 | Crypt:1  | HP: 5/152 [jiangshi (6)]
 95145 | Crypt:1  | Mangled by a jiangshi

Vault maps used:
D:1:      dpeg_cavernosity, serial_park_tiny_1, kennysheep_crisscross
D:2:      minmay_misc_feat_nine_boxes, uniq_terence
D:3:      first_bread, makhleb_heckhound_becter
D:4:      hangedman_decor_clover_reticule, uniq_natasha, uniq_robin
D:5:      kennysheep_mini_moat, serial_shops, shop
D:6:      grunt_temple_overflow_open
D:7:      minmay_temple_entry_purple_smoke, serial_shops, shop_statue,
          nicolae_shop_overgrown_old_shop, shop, shop
D:8:      lemuel_another_geyser
D:9:      marbit_many_paths, nicolae_tso_besieged_by_evil, lair_0_dummy,
          orc_0_dummy, serial_shops, nicolae_shop_stone
D:10:     serial_shops, nicolae_shop_statue_plus, shop_fountains, shop,
          grunt_ogre_cave, hangedman_incinerator
D:11:     uniq_erolcha
D:12:     grunt_dithmenos_smoke_and_mirrors, uniq_nergalle
D:13:     david_vaults_4, minmay_misc_feat_roman
D:14:     minmay_blocking_statues, lemuel_mausoleum_altar_yredelemnul,
          special_room, serial_shops, bzr_entry_safe,
          lightli_bailey_entry_fortress, uniq_maud
D:15:     grunt_enter_depths_snipers, serial_shops, nicolae_shop_statue_plus,
          minmay_misc_feat_tower
Temple:   minmay_freezing_vapour_temple_12
Lair:1:   beast_lair_carwin_2, uniq_grum, uniq_gastronok
Lair:2:   dragon1_lemuel, minmay_lindwurm_lava, grunt_megastairs_3,
          lemuel_fruit_fields
Lair:3:   minivault_23, st_stairs_5
Lair:4:   minmay_swamp_entry_worms, lab_entry_generic, serial_bayou_pond_b,
          infiniplex_staircase_pool, lemuel_fruit_fields
Lair:5:   roderic_lost_polar_bear, uniq_snorg
Lair:6:   nicolae_spider_entry_orb_guardian, infiniplex_staircase_pool_2
Lair:7:   nicolae_slime_entry_slimehenge, lemuel_fruit_tree
Lair:8:   evil_forest, serial_bayou_crossing
Swamp:1:  evilmike_swamp_ruin_house_1
Swamp:2:  evilmike_swamp_ruin_rubble_1, hangedman_swamp_wriggling
Swamp:3:  evilmike_swamp_ruin_rubble_2, uniq_mara, uniq_aizul
Swamp:4:  swamp_pestilence, swamp_pool1, uniq_donald
Spider:2: uniq_jorgrun, uniq_louise
Spider:4: spider_rune_water, portal_ice_cave_entry_pillars_03,
          spiders_nest_spider_trap, uniq_wiglaf
Orc:1:    nicolae_orc_accident_2, mines4_lemuel
Orc:2:    serial_shops, nicolae_shop_window_shopping
Orc:3:    nicolae_orc_pool_cavern
Orc:4:    st_orc_town, serial_shops, nicolae_shop_stone
Elf:1:    minmay_elf_annihilation
Elf:2:    serial_shops, shop, uniq_asterion, uniq_saint_roka
Elf:3:    grunt_elf_hall_asides, nicolae_alphabet_shops
Vaults:1: nicolae_vaults_ninety_degrees, nicolae_vaults_little_squares_5,
          hangedman_vaults_stitches, ontoclasm_vaults_hangar, v_rooms_3,
          vaults_room_ringed_pool, vaults_room_mumra_shop_pool,
          vaults_room_pool, vaults_dpeg_hooks
Vaults:2: v_misc_19, v_pattern_1, grunt_vaults_bifocal, hangedman_vaults_trim,
          dpeg_vaults_monster_box, nicolae_vaults_little_squares_6,
          nicolae_vaults_theta, ontoclasm_vaults_decontamination,
          vaults_room_boxed, dpeg_vaults_waves, vaults_room_hallway,
          vaults_room_pool, v_misc_10, ontoclasm_vaults_misaligned,
          ontoclasm_vaults_eye
Vaults:3: hangedman_vaults_pinch, vaults_room_octagon, hangedman_vaults_locks,
          hangedman_vaults_nodes, hangedman_vaults_cutoff,
          nicolae_vaults_little_squares_1, vaults_room_stairs_pillars,
          v_misc_11, nicolae_vaults_mini_display_case,
          nicolae_vaults_big_angled_halls, minmay_crypt_entry_skeletal_spiral,
          ontoclasm_vaults_twist
Vaults:4: grunt_vaults_hallway_long, nicolae_vaults_hallways_thing,
          ontoclasm_vaults_bender, vaults_room_glass_cross, grunt_vaults_funnel,
          nicolae_vaults_windows_and_doors_thing, v_misc_16, vaults_mumra_hex,
          ontoclasm_vaults_claustrophobia, vaults_dpeg_encased_lava, uniq_jory,
          uniq_xtahua
Crypt:1:  grunt_crypt_arrival_split
Crypt:2:  ragdoll_tomb_raider, st_stairs_9
Crypt:3:  quadcrypt_mu
Bazaar:   grunt_bazaar_doublecross
Bailey:   bailey_polearm_flooded_kennysheep, bailey
IceCv:    ice_cave_tombish

Action                   |  1- 3 |  4- 6 |  7- 9 | 10-12 | 13-15 | 16-18 | 19-21 | 22-24 || total
-------------------------+-------+-------+-------+-------+-------+-------+-------+-------++-------
Melee: Dagger            |    62 |   148 |   380 |   702 |  1959 |  2377 |  1318 |    32 ||  6978
       Quick blade       |       |       |       |       |       |       |  1615 |  2253 ||  3868
 Fire: Blowgun           |     3 |    42 |    45 |   218 |   195 |   131 |   110 |    46 ||   790
       Shortbow          |       |       |     2 |    49 |     5 |       |       |       ||    56
Throw: Stone             |       |     8 |       |     5 |       |       |       |       ||    13
       Tomahawk          |       |       |       |     2 |    16 |       |       |       ||    18
       Javelin           |       |       |       |       |       |    97 |    73 |    11 ||   181
 Cast: Repel Missiles    |       |       |       |     2 |     4 |     4 |     6 |     4 ||    20
       Mephitic Cloud    |       |       |       |       |     1 |    12 |     1 |       ||    14
       Regeneration      |       |       |       |       |     1 |     4 |     2 |    12 ||    19
       Spectral Weapon   |       |       |       |       |       |     1 |     6 |     2 ||     9
       Tukima's Dance    |       |       |       |       |       |       |     4 |     1 ||     5
       Shock             |       |       |       |       |       |       |       |     8 ||     8
Invok: Deal Four         |       |       |       |       |       |     1 |       |       ||     1
Evoke: Deck              |       |       |     4 |    14 |    67 |    39 |    50 |    39 ||   213
       Wand              |       |       |       |    19 |    28 |    53 |    17 |     8 ||   125
       Lamp of fire      |       |       |       |     1 |     1 |     3 |     6 |     4 ||    15
       Box of beasts     |       |       |       |       |     3 |     2 |       |     2 ||     7
       Stone of tremors  |       |       |       |       |     1 |       |       |       ||     1
       Fan of gales      |       |       |       |       |       |     1 |     2 |     1 ||     4
       Sack of spiders   |       |       |       |       |       |       |     1 |     2 ||     3
  Use: Scroll            |     2 |     2 |    11 |    10 |    28 |    18 |     9 |    23 ||   103
       Potion            |       |       |       |     6 |     7 |     7 |     8 |    13 ||    41
 Stab: Sleeping          |    19 |     6 |    37 |    53 |   103 |   108 |    92 |    26 ||   444
       Distracted        |     1 |     2 |     3 |     9 |    24 |    35 |    37 |    37 ||   148
       Invisible         |       |       |       |       |     2 |     7 |     1 |       ||    10
       Petrifying        |       |       |       |       |     1 |       |       |       ||     1
       Confused          |       |       |       |       |     3 |     9 |       |       ||    12
       Paralysed         |       |       |       |       |       |     1 |       |       ||     1
       Betrayed ally     |       |       |       |       |       |       |     3 |       ||     3
  Eat: Chunk             |     3 |     7 |     9 |    22 |    29 |    14 |    18 |    10 ||   112
       Beef jerky        |       |     1 |     1 |     5 |    10 |     4 |     3 |     2 ||    26
       Meat ration       |       |       |     1 |       |     1 |     3 |       |       ||     5
       Bread ration      |       |       |       |     1 |     3 |     7 |    10 |     8 ||    29
       Pizza             |       |       |       |       |     1 |     1 |       |     2 ||     4
       Royal jelly       |       |       |       |       |       |     1 |       |     1 ||     2
       Fruit             |       |       |       |       |       |       |     5 |       ||     5
